[Event "January 2 Late 2024"]
[Site "https://www.chess.com"]
[Date "2024.01.02"]
[Round "1"]
[White "Brodsky, David"]
[Black "Tikhonov, Viacheslav"]
[Result "1/2-1/2"]
[Board "47"]
[TimeControl "180+1"]
[WhiteFideId "2073250"]
[BlackFideId "44196407"]
[WhiteElo "2902"]
[BlackElo "2479"]
[WhiteTeam "USA"]
[BlackTeam "RUS"]
[WhiteClock "0:00:07"]
[BlackClock "0:00:10"]

1. e4 c5 2. Nf3 Nc6 3. d4 cxd4 4. Nxd4 Nf6 5. Nc3 e5 6. Ndb5 d6 7. Bg5 a6 8. Na3 b5 9. Nab1 Be7 10. Bxf6 Bxf6 11. a4 b4 12. Nd5 Be6 13. Bc4 O-O 14. O-O Bg5 15. Qd3 Qa5 16. Nd2 Bxd2 17. Qxd2 Qc5 18. Ba2 Rab8 19. Nc7 Bc8 20. Rfd1 Nd4 21. Nd5 Be6 22. c3 bxc3 23. bxc3 Nb3 24. Bxb3 Rxb3 25. Ne7+ Kh8 26. Qxd6 Rxc3 27. h3 Rc2 28. Qxc5 Rxc5 29. Rd6 a5 30. Nc6 h6 31. Rb1 Rc8 32. Rb6 Rc4 33. Nd8 Rxa4 34. Nxe6 fxe6 35. Rxe6 Rxe4 36. Ra6 a4 37. Ra5 Rc1+ 38. Kh2 Rc2 39. Kg3 Ree2 40. Re8+ Kh7 41. Rf8 Rc3+ 42. Kh2 Rcc2 43. Kg3 Rc3+ 44. Kh2 a3 45. Rf7 a2 46. Raa7 Rc1 47. Rxg7+ Kh8 48. Rgb7 Rc8 49. Rh7+ Kg8 50. Rhg7+ Kh8 51. Rh7+ Kg8 52. Rxh6 Rxf2 53. Rg6+ Kh8 54. Rh6+ Kg8 55. Rg6+ Kh8 56. Rg5 e4 57. Rh5+ Kg8 58. Rg5+ Kh8 59. Rh5+ Kg8 60. Rg5+ Kf8 61. Re5 Rc1 62. Rea5 Rcc2 63. Ra8+ Ke7 64. R8a7+ Kd6 65. R7a6+ Rc6 66. Rxa2 Rxa2 67. Rxa2 Ke5 68. Kg3 Rg6+ 69. Kf2 Kf4 70. Ra4 Rb6 71. g3+ Kf5 72. Ra3 Rb2+ 73. Ke3 Rg2 74. Ra5+ Kf6 75. Kf4 e3 76. Ra6+ Kf7 77. Ra7+ Kf6 78. Ra6+ Kf7 79. Ra1 e2 80. Re1 Rh2 81. h4 Kf6 82. Kf3 Kf5 83. Rxe2 Rh1 84. g4+ Kg6 85. Kg3 Rg1+ 86. Kf3 Rf1+ 87. Rf2 Rh1 88. Kg3 Rg1+ 89. Kf4 Rh1 90. h5+ Kh6 91. Kf5 Ra1 92. Re2 Rf1+ 93. Ke5 Kg5 94. Re4 Ra1 95. Kd4 Ra4+ 96. Ke3 Ra3+ 97. Kf2 Ra2+ 98. Kf3 Ra3+ 99. Re3 Ra5 100. Kg3 Rb5 101. Ra3 Rc5 102. Rf3 Rb5 103. Re3 Rc5 104. Kf3 Rb5 105. Re4 Rb3+ 106. Re3 Rb5 107. Kg3 Rc5 108. Rf3 Rb5 109. Rf8 Rb3+ 110. Kg2 Kxg4 111. h6 Rb2+ 112. Kg1 Rb7 113. Rg8+ Kh5 114. Rg7 Rb1+ 115. Kf2 Kxh6 116. Rg1 Rxg1 117. Kxg1 1/2-1/2

[Event "January 2 Late 2024"]
[Site "https://www.chess.com"]
[Date "2024.01.02"]
[Round "1"]
[White "Suvorov, Alexander"]
[Black "Tang, Andrew"]
[Result "0-1"]
[Board "48"]
[TimeControl "180+1"]
[WhiteFideId "12977063"]
[BlackFideId "2059630"]
[WhiteElo "2477"]
[BlackElo "2898"]
[WhiteTeam "GER"]
[BlackTeam "USA"]
[WhiteClock "0:00:02"]
[BlackClock "0:01:28"]

1. Nf3 d5 2. b3 c5 3. Bb2 Nc6 4. e3 Nf6 5. Bb5 Qb6 6. a4 a6 7. Bxc6+ Qxc6 8. h3 g6 9. O-O Bg7 10. d3 O-O 11. Nbd2 b5 12. Qe2 Bb7 13. Ne5 Qc7 14. f4 Rfd8 15. Ndf3 Ne8 16. Ng5 Nd6 17. axb5 axb5 18. Rxa8 Rxa8 19. Nexf7 Bxb2 20. f5 Qd7 21. fxg6 hxg6 22. Nh6+ Kg7 23. Qf2 Bf6 24. Qf4 Rh8 25. Ng4 Qf5 26. Qg3 Qxg5 0-1

[Event "January 2 Late 2024"]
[Site "https://www.chess.com"]
[Date "2024.01.02"]
[Round "1"]
[White "Livaic, Leon"]
[Black "Huang, Youhe"]
[Result "1-0"]
[Board "49"]
[TimeControl "180+1"]
[WhiteFideId "14531534"]
[BlackFideId "2629445"]
[WhiteElo "2892"]
[BlackElo "2476"]
[WhiteTeam "CRO"]
[BlackTeam "CAN"]
[WhiteClock "0:00:43"]
[BlackClock "0:00:21"]

1. d4 d5 2. c4 e6 3. Nf3 c6 4. Nc3 dxc4 5. a4 Bb4 6. e3 b5 7. Bd2 a5 8. axb5 Bxc3 9. Bxc3 cxb5 10. b3 Bb7 11. bxc4 b4 12. Bb2 Nf6 13. Bd3 O-O 14. O-O Nbd7 15. Re1 Qc7 16. e4 e5 17. c5 Rfd8 18. Rc1 exd4 19. c6 Bxc6 20. Bb5 Nb8 21. e5 Ng4 22. h3 Nh6 23. e6 Qb6 24. e7 Re8 25. Bd3 Qb7 26. Ng5 Rxe7 27. Bxh7+ Kh8 28. Qxd4 Rxe1+ 29. Rxe1 Nd7 30. Qxg7# 1-0

[Event "January 2 Late 2024"]
[Site "https://www.chess.com"]
[Date "2024.01.02"]
[Round "1"]
[White "Kazmaier, Daniel"]
[Black "Rustemov, Alexander"]
[Result "0-1"]
[Board "50"]
[TimeControl "180+1"]
[WhiteFideId "2606089"]
[BlackFideId "4119002"]
[WhiteElo "2471"]
[BlackElo "2868"]
[WhiteTeam "CAN"]
[BlackTeam "RUS"]
[WhiteClock "0:00:14"]
[BlackClock "0:00:21"]

1. d4 g6 2. Nf3 Bg7 3. Bf4 c5 4. c3 Qb6 5. Qb3 d6 6. Qxb6 axb6 7. e3 Be6 8. a3 Nf6 9. h3 O-O 10. Nbd2 Nd5 11. Bg3 h6 12. Bc4 Nc7 13. O-O Bxc4 14. Nxc4 Nd7 15. Rad1 b5 16. Ncd2 Rfc8 17. dxc5 Nxc5 18. Nd4 Na4 19. Rb1 Bxd4 20. exd4 Nd5 21. Rfe1 Rc6 22. Nb3 Nab6 23. Re2 Nc4 24. Nd2 e6 25. Kf1 Kf8 26. Ne4 Ke7 27. Bh4+ g5 28. Bg3 f5 29. Nd2 Kf6 30. Nxc4 bxc4 31. Rbe1 Re8 32. h4 f4 33. hxg5+ hxg5 34. Bh2 Kf5 35. g3 e5 36. gxf4 gxf4 37. dxe5 dxe5 38. Rd1 Nf6 39. Red2 Ng4 40. Bg1 Re7 41. f3 Nf6 42. Rd8 Rcc7 43. Bb6 Rcd7 44. Bc5 Rxd1+ 45. Rxd1 Rd7 46. Re1 Rd2 47. Re2 Rxe2 48. Kxe2 b5 49. Kd2 e4 50. Bd4 exf3 51. Bxf6 Kxf6 52. Ke1 Ke5 53. Kf1 Ke4 54. Kf2 Kd3 55. Kxf3 Kc2 56. b4 Kxc3 57. a4 Kxb4 58. axb5 Kxb5 59. Kxf4 Kb4 60. Ke3 Kb3 61. Kd2 Kb2 0-1

[Event "January 2 Late 2024"]
[Site "https://www.chess.com"]
[Date "2024.01.02"]
[Round "1"]
[White "Kukhmazov, Arsen"]
[Black "Slade, Theodore"]
[Result "1-0"]
[Board "51"]
[TimeControl "180+1"]
[WhiteFideId "24108260"]
[BlackFideId "426547"]
[WhiteElo "2864"]
[BlackElo "2468"]
[WhiteTeam "FID"]
[BlackTeam "ENG"]
[WhiteClock "0:00:27"]
[BlackClock "0:00:00"]

1. d4 d5 2. c4 e6 3. Nc3 a6 4. cxd5 exd5 5. Nf3 c6 6. Bf4 Bd6 7. Bxd6 Qxd6 8. e3 Ne7 9. Bd3 Bg4 10. Qc2 Bxf3 11. gxf3 h6 12. f4 Nd7 13. Rg1 O-O 14. O-O-O c5 15. dxc5 Nxc5 16. Kb1 Rac8 17. Bc4 Ne6 18. Bxd5 Nxd5 19. Rxd5 Qxd5 20. Nxd5 Rxc2 21. Kxc2 Rc8+ 22. Kb1 Kf8 23. Nc3 Rd8 24. Kc2 g6 25. a4 Ke7 26. b4 Rc8 27. Kb3 Rd8 28. Kc2 Rc8 29. Rd1 Rc6 30. Kb3 Rc8 31. Nd5+ Kf8 32. Nb6 Rd8 33. Rxd8+ Nxd8 34. Kc4 Ke7 35. Kd5 Nc6 36. Kc5 Ke6 37. Nc4 Kd7 38. b5 axb5 39. axb5 Nd8 40. Kb6 Ke6 41. Kc7 Ke7 42. b6 f5 43. Ne5 g5 44. fxg5 hxg5 45. Nf3 g4 46. Nd4 Nf7 47. Nxf5+ Kf6 48. Nd4 Ng5 49. Kxb7 Ne4 50. Kc6 Nxf2 51. b7 Nh3 52. b8=Q Ng5 53. Qf4+ Kg6 54. Qf5+ 1-0

[Event "January 2 Late 2024"]
[Site "https://www.chess.com"]
[Date "2024.01.02"]
[Round "1"]
[White "Delorme, Axel"]
[Black "Sanal, Vahap"]
[Result "0-1"]
[Board "52"]
[TimeControl "180+1"]
[WhiteFideId "632023"]
[BlackFideId "6300545"]
[WhiteElo "2465"]
[BlackElo "2863"]
[WhiteTeam "FRA"]
[BlackTeam "TUR"]
[WhiteClock "0:01:28"]
[BlackClock "0:02:00"]

1. e4 d6 2. d4 Nf6 3. Nc3 e5 4. Nf3 Nbd7 5. Bc4 Be7 6. a4 O-O 7. O-O c6 8. h3 h6 9. Re1 Re8 10. Be3 exd4 11. Nxd4 Bf8 12. Bf4 Nc5 13. Qf3 Ne6 14. Nxe6 Bxe6 15. Bxe6 Rxe6 16. Rad1 Qa5 17. Rd3 Rae8 18. Rde3 Nd7 19. b3 Rf6 20. Qg3 g5 21. Rf3 Rxf4 22. Rxf4 Bg7 23. Rf3 Be5 24. Qg4 Nf6 25. Rxf6 Bxf6 26. e5 Qxc3 27. Re3 Qa1+ 0-1

[Event "January 2 Late 2024"]
[Site "https://www.chess.com"]
[Date "2024.01.02"]
[Round "1"]
[White "Szpar, Milosz"]
[Black "Bochnicka, Vladimir"]
[Result "1-0"]
[Board "53"]
[TimeControl "180+1"]
[WhiteFideId "1184989"]
[BlackFideId "14943450"]
[WhiteElo "2862"]
[BlackElo "2463"]
[WhiteTeam "POL"]
[BlackTeam "SVK"]
[WhiteClock "0:00:10"]
[BlackClock "0:00:00"]

1. e4 e5 2. Nf3 Nc6 3. Bb5 a6 4. Ba4 Nf6 5. O-O b5 6. Bb3 Bc5 7. Nc3 O-O 8. Nd5 d6 9. Nxf6+ Qxf6 10. Bd5 Bd7 11. d3 h6 12. h3 Rab8 13. Be3 Ne7 14. Bb3 Ng6 15. d4 exd4 16. Nxd4 Nh4 17. Kh1 Qg6 18. Rg1 Bxd4 19. Bxd4 c5 20. Bc3 c4 21. f3 cxb3 22. axb3 f5 23. Rxa6 fxe4 24. Rxd6 Be6 25. fxe4 Qxe4 26. Qe1 Qxe1 27. Bxe1 Nf5 28. Rxe6 Rbe8 29. Rxe8 Rxe8 30. c4 Re2 31. cxb5 Rxb2 32. b4 Nd4 33. b6 Kf7 34. b7 Nc6 35. Rf1+ Ke6 36. Kh2 Kd7 37. Rf7+ Kd6 38. Bg3+ Kd5 39. b8=Q Nxb8 40. Bxb8 Rxb4 41. Bg3 g6 42. Rf6 h5 43. Rxg6 1-0

[Event "January 2 Late 2024"]
[Site "https://www.chess.com"]
[Date "2024.01.02"]
[Round "1"]
[White "Lopusiewicz, Piotr"]
[Black "Batsuren, Dambasuren"]
[Result "0-1"]
[Board "54"]
[TimeControl "180+1"]
[WhiteFideId "1116029"]
[BlackFideId "4902920"]
[WhiteElo "2461"]
[BlackElo "2860"]
[WhiteTeam "POL"]
[BlackTeam "MGL"]
[WhiteClock "0:00:28"]
[BlackClock "0:00:46"]

1. d4 Nf6 2. c4 c5 3. d5 e6 4. Nc3 exd5 5. cxd5 d6 6. Nf3 g6 7. Bf4 Bg7 8. e3 O-O 9. h3 Na6 10. Bxa6 bxa6 11. Rc1 a5 12. O-O Ba6 13. Re1 Re8 14. e4 Rb8 15. Qd2 Rb4 16. e5 dxe5 17. Nxe5 Rd4 18. Nc6 Rxd2 19. Nxd8 Rxe1+ 20. Rxe1 Rxb2 21. d6 Bf8 22. Na4 Rb4 23. Be5 Nd7 24. Nc3 Nxe5 25. Rxe5 Bxd6 26. Re8+ Kg7 27. g3 Rb8 28. Ne4 Bb5 29. Nxf7 Bxe8 30. Nfxd6 Rb1+ 31. Kh2 Bc6 32. g4 Bxe4 33. Nxe4 c4 0-1

[Event "January 2 Late 2024"]
[Site "https://www.chess.com"]
[Date "2024.01.02"]
[Round "1"]
[White "Mahdavi, Reza"]
[Black "Vujacic, Igor"]
[Result "1-0"]
[Board "55"]
[TimeControl "180+1"]
[WhiteFideId "12595926"]
[BlackFideId "932620"]
[WhiteElo "2859"]
[BlackElo "2459"]
[WhiteTeam "IRI"]
[BlackTeam "MNE"]
[WhiteClock "0:01:01"]
[BlackClock "0:00:00"]

1. e4 c5 2. Nf3 Nc6 3. d4 cxd4 4. Nxd4 g6 5. c4 Nf6 6. Be3 Nxe4 7. Bd3 Qa5+ 8. Nd2 Nxd2 9. Qxd2 Qxd2+ 10. Kxd2 Bg7 11. Nb5 O-O 12. Rab1 d6 13. Be4 Bf5 14. Bxf5 gxf5 15. Ke2 a6 16. Nc7 Rac8 17. Nd5 Rfe8 18. Nb6 Rc7 19. Rhd1 Ne5 20. b3 Ng4 21. h3 Nxe3 22. Kxe3 Rc6 23. Nd5 Kf8 24. Kf3 b5 25. cxb5 axb5 26. Rdc1 Rec8 27. Rxc6 Rxc6 28. a4 e6 29. Ne3 bxa4 30. bxa4 Ra6 31. Rb4 d5 32. g4 Bc3 33. Rb8+ Kg7 34. gxf5 Rxa4 35. fxe6 fxe6 36. Rb7+ Kg6 37. Rb6 Kf7 38. Rb7+ Kg6 39. Rb6 Kf7 40. Rc6 Bd4 41. Ng4 Ra3+ 42. Kf4 Rxh3 43. Kg5 Rh1 44. Rc7+ Ke8 45. f4 Rg1 46. Rxh7 Bc3 47. Rc7 Bb2 48. Kh5 Rh1+ 49. Kg5 Rf1 50. Rb7 Bc1 51. Kf6 Rxf4+ 52. Kxe6 Re4+ 53. Ne5 1-0

[Event "January 2 Late 2024"]
[Site "https://www.chess.com"]
[Date "2024.01.02"]
[Round "1"]
[White "Toktomushev, Teimur"]
[Black "Melkumyan, Hrant"]
[Result "0-1"]
[Board "56"]
[TimeControl "180+1"]
[WhiteFideId "14176726"]
[BlackFideId "13302485"]
[WhiteElo "2458"]
[BlackElo "2855"]
[WhiteTeam "UKR"]
[BlackTeam "ARM"]
[WhiteClock "0:00:00"]
[BlackClock "0:00:05"]

1. d4 Nf6 2. c4 g6 3. Nc3 Bg7 4. e4 d6 5. f3 O-O 6. Be3 a6 7. Qd2 c5 8. Nge2 Nc6 9. O-O-O cxd4 10. Nxd4 Bd7 11. h4 Rc8 12. Nxc6 Rxc6 13. Bh6 Qa5 14. Kb1 Rfc8 15. Nd5 Qxd2 16. Nxe7+ Kf8 17. Bxg7+ Kxe7 18. Bxf6+ Kxf6 19. Rxd2 Be6 20. b3 b5 21. cxb5 Rc1+ 22. Kb2 axb5 23. g3 Ke7 24. Bg2 R1c3 25. Rhd1 b4 26. g4 h6 27. g5 hxg5 28. hxg5 R8c5 29. f4 Rg3 30. Bh1 Rg4 31. f5 gxf5 32. exf5 Rxf5 33. Rxd6 Rgxg5 34. R6d2 Re5 35. Bf3 Rg3 36. Be2 Rge3 37. Bd3 f5 38. Bc2 Kf6 39. Rd4 Rb5 40. Rf4 Re2 41. Kb1 Ke5 42. Rh4 Re3 43. Rc1 Bd5 44. Rf1 Rf3 45. Rxf3 Bxf3 46. Rh8 Kf4 47. Rf8 Bg4 48. Kb2 Ke3 49. a3 bxa3+ 50. Kxa3 f4 51. b4 f3 52. Bd1 Rb7 53. Bxf3 Bxf3 54. Re8+ Kd4 55. Rd8+ Bd5 56. Rh8 Ra7+ 57. Kb2 Ra2+ 58. Kb1 Rg2 59. Rh4+ Be4+ 60. Kc1 Kc3 61. Rh3+ Bd3 62. Rh1 Ra2 0-1

[Event "January 2 Late 2024"]
[Site "https://www.chess.com"]
[Date "2024.01.02"]
[Round "1"]
[White "Maksimovic, Bojan"]
[Black "Karas, Marek"]
[Result "1/2-1/2"]
[Board "57"]
[TimeControl "180+1"]
[WhiteFideId "14408120"]
[BlackFideId "14928558"]
[WhiteElo "2855"]
[BlackElo "2458"]
[WhiteTeam "BIH"]
[BlackTeam "CZE"]
[WhiteClock "0:00:05"]
[BlackClock "0:00:05"]

1. a3 d5 2. h3 e5 3. e3 c5 4. d4 Nc6 5. dxe5 Nxe5 6. Bb5+ Nc6 7. c4 Be6 8. cxd5 Qxd5 9. Qxd5 Bxd5 10. Nf3 a6 11. Be2 Nf6 12. Nc3 Be6 13. O-O Be7 14. e4 O-O 15. Be3 b5 16. Rfd1 Rfd8 17. Ng5 h6 18. Nxe6 fxe6 19. f4 Nd4 20. e5 Nxe2+ 21. Nxe2 Rxd1+ 22. Rxd1 Nd5 23. Bd2 Rd8 24. Kf2 Nb6 25. Ke1 Nc4 26. Bc1 Rxd1+ 27. Kxd1 Kf7 28. Kc2 Nb6 29. Kd3 c4+ 30. Ke4 Bc5 31. Nd4 Bxd4 32. Kxd4 Na4 33. g4 g6 34. f5 gxf5 35. gxf5 exf5 36. Bxh6 Nxb2 37. Bd2 Ke6 38. h4 Nd3 39. h5 Nxe5 40. h6 Ng6 41. h7 Kf7 42. Bh6 f4 43. Bxf4 Kg7 44. Bd2 Kxh7 45. Kc5 Ne5 46. Kb6 Nf3 47. Bc3 Ng5 48. Kxa6 Ne4 49. Bd4 c3 50. Kxb5 c2 51. Be3 Kg6 52. Kc4 Kf5 53. a4 Ke6 54. a5 Kd7 55. Kd3 Nd6 56. Kxc2 Kc6 57. Kb3 Kb5 58. Bd2 Nb7 59. a6 Nc5+ 60. Kc2 Nxa6 1/2-1/2

[Event "January 2 Late 2024"]
[Site "https://www.chess.com"]
[Date "2024.01.02"]
[Round "1"]
[White "Sztokbant, Bernardo Vainzoff"]
[Black "Remizov, Yaroslav"]
[Result "0-1"]
[Board "58"]
[TimeControl "180+1"]
[WhiteFideId "2115956"]
[BlackFideId "34134015"]
[WhiteElo "2455"]
[BlackElo "2854"]
[WhiteTeam "BRA"]
[BlackTeam "RUS"]
[WhiteClock "0:00:00"]
[BlackClock "0:00:08"]

1. e4 c5 2. Nf3 Nc6 3. d4 cxd4 4. Nxd4 Nf6 5. Nc3 e6 6. Ndb5 Bc5 7. Bf4 O-O 8. Be2 d5 9. exd5 exd5 10. O-O Be6 11. Bf3 Rc8 12. Ne2 Qb6 13. a4 a6 14. Nbc3 Rfd8 15. Bg5 Be7 16. Rb1 h6 17. Bf4 d4 18. Ne4 Bf5 19. N2g3 Bh7 20. Nxf6+ Bxf6 21. Nh5 Nb4 22. a5 Qxa5 23. Nxf6+ gxf6 24. Bxb7 Rxc2 25. Bxh6 Kh8 26. Qf3 Qb6 27. Rbe1 d3 28. Re7 Bg6 29. Be3 Qd6 30. Qh3+ Kg8 31. Re4 d2 32. Rh4 Kf8 33. Rh8+ Ke7 34. Rxd8 Kxd8 35. Bf3 Qd3 36. Qh8+ Kd7 37. Bd1 Rc1 38. Qh3+ Bf5 39. Qf3 Be4 40. Qe2 f5 41. Qxd3+ Bxd3 42. f3 Bxf1 43. Ba4+ Bb5+ 44. Kf2 Rf1+ 45. Kg3 d1=Q 46. Bxd1 Rxd1 47. Bc5 Rd3 48. Bxb4 Rd5 49. Bc3 Ke6 50. Kf4 Rd8 51. h4 Rg8 52. g3 Be2 53. h5 f6 54. Ke3 Bd1 55. Kf4 Rh8 56. g4 fxg4 57. fxg4 Rg8 58. h6 Rxg4+ 59. Ke3 Rh4 60. Kd2 Bb3 61. Bxf6 Rh2+ 62. Kc3 Kxf6 63. Kxb3 Rxh6 0-1

[Event "January 2 Late 2024"]
[Site "https://www.chess.com"]
[Date "2024.01.02"]
[Round "1"]
[White "Lobanov, Sergei"]
[Black "Petre, Nad-Titus"]
[Result "1/2-1/2"]
[Board "59"]
[TimeControl "180+1"]
[WhiteFideId "24183750"]
[BlackFideId "1204165"]
[WhiteElo "2849"]
[BlackElo "2455"]
[WhiteTeam "FID"]
[BlackTeam "ROU"]
[WhiteClock "0:00:07"]
[BlackClock "0:00:11"]

1. d4 Nf6 2. c4 b6 3. Nc3 Bb7 4. a3 e6 5. d5 exd5 6. cxd5 Bd6 7. g3 O-O 8. Bg2 Re8 9. Nh3 c6 10. O-O Be5 11. Nf4 Na6 12. h3 Nc5 13. Be3 Bxc3 14. bxc3 Rxe3 15. fxe3 Qe7 16. Kh2 Re8 17. Rb1 Qxe3 18. Qd4 h5 19. Rf3 Qe5 20. Rbf1 cxd5 21. Nd3 Qxd4 22. cxd4 Nce4 23. Rc1 Bc6 24. Ne5 Re6 25. Rb3 Ba4 26. Rc8+ Kh7 27. Rb4 Bd1 28. Nxf7 Bxe2 29. Rb2 Ba6 30. Rh8+ Kg6 31. Ne5+ Kf5 32. Rb3 Rxe5 33. dxe5 Kxe5 34. Ra8 Bc4 35. Rb2 d4 36. Rxa7 d3 37. Bf3 d2 38. Ra8 d5 39. Rb8 Kd4 40. R8xb6 Ke3 41. Bd1 Nf2 42. Rb1 N6e4 43. a4 Nxd1 44. Rxd1 Nc3 45. Rxd2 Kxd2 46. a5 d4 47. a6 Bxa6 48. Rxa6 d3 49. Rg6 Ke3 50. Rxg7 Nd5 51. Rd7 Kd4 52. Ra7 d2 53. Ra1 Ne3 54. g4 h4 55. g5 Ke5 56. g6 Kf6 57. Kg1 d1=Q+ 58. Rxd1 Nxd1 59. Kf1 Ne3+ 60. Ke2 Nf5 61. Kf3 Kxg6 62. Kg4 Kf6 63. Kf4 Ke6 64. Kg4 Ke5 65. Kg5 Ke4 66. Kg4 Ke3 67. Kxf5 Kf3 68. Ke5 Kg3 69. Ke4 Kxh3 70. Kf3 Kh2 71. Kf2 h3 72. Kf1 Kh1 73. Kf2 h2 74. Kf1 1/2-1/2

[Event "January 2 Late 2024"]
[Site "https://www.chess.com"]
[Date "2024.01.02"]
[Round "1"]
[White "Plotnikov, Pavel"]
[Black "Mekhitarian, Krikor Sevag"]
[Result "0-1"]
[Board "60"]
[TimeControl "180+1"]
[WhiteFideId "4170342"]
[BlackFideId "2107660"]
[WhiteElo "2454"]
[BlackElo "2840"]
[WhiteTeam "RUS"]
[BlackTeam "BRA"]
[WhiteClock "0:00:00"]
[BlackClock "0:00:30"]

1. e4 e6 2. d4 d5 3. e5 c5 4. c3 Nc6 5. Nf3 Bd7 6. a3 Nh6 7. b4 cxd4 8. cxd4 Nf5 9. Be3 b5 10. Bd3 a5 11. bxa5 Nxa5 12. O-O Nc4 13. Bxf5 exf5 14. Qb3 Be7 15. Nc3 Bc6 16. Nxb5 O-O 17. a4 h6 18. Nd2 Na5 19. Qc2 Qd7 20. Rab1 Rfc8 21. Qd3 Nc4 22. Nxc4 dxc4 23. Qc2 Be4 24. Qa2 Bxb1 25. Rxb1 c3 26. Qc2 Qd5 27. g3 Qc4 28. Ra1 h5 29. h4 g6 30. Nd6 Bxd6 31. exd6 Qd5 32. Bg5 Qxd6 33. Qc1 c2 34. Bf4 Qxd4 35. Be3 Qe4 36. a5 Rd8 37. Bd2 Ra6 38. Ra2 Rc8 39. Bh6 Qd3 40. Bd2 Rd6 0-1

[Event "January 2 Late 2024"]
[Site "https://www.chess.com"]
[Date "2024.01.02"]
[Round "1"]
[White "Riehle, Marco"]
[Black "Peczely, Sebastian Zsombor"]
[Result "0-1"]
[Board "61"]
[TimeControl "180+1"]
[WhiteFideId "12904392"]
[BlackFideId "750964"]
[WhiteElo "2840"]
[BlackElo "2451"]
[WhiteTeam "GER"]
[BlackTeam "HUN"]
[WhiteClock "0:02:41"]
[BlackClock "0:02:09"]

1. e4 c5 2. a3 d5 3. exd5 Qxd5 4. Nc3 Qd8 5. Nf3 Nc6 6. Bb5 Bd7 7. O-O a6 8. Bxc6 Bxc6 9. Ne5 Qc7 10. Nxc6 Qxc6 11. d4 cxd4 12. Qxd4 Rd8 13. Qh4 Nf6 14. Bg5 Nd5 0-1

[Event "January 2 Late 2024"]
[Site "https://www.chess.com"]
[Date "2024.01.02"]
[Round "1"]
[White "Bagrationi, Alexander"]
[Black "Durarbayli, Vasif"]
[Result "1-0"]
[Board "62"]
[TimeControl "180+1"]
[WhiteFideId "14104954"]
[BlackFideId "13402935"]
[WhiteElo "2449"]
[BlackElo "2835"]
[WhiteTeam "ISR"]
[BlackTeam "AZE"]
[WhiteClock "0:00:08"]
[BlackClock "0:00:01"]

1. d4 Nf6 2. Nf3 e6 3. Bf4 c5 4. c3 Nc6 5. e3 d5 6. h3 Qb6 7. Qb3 c4 8. Qxb6 axb6 9. Nbd2 b5 10. a3 b4 11. cxb4 Bxb4 12. Rc1 Ba5 13. Be2 Ne4 14. Rc2 b5 15. O-O Nxd2 16. Nxd2 b4 17. Nb1 Kd7 18. Rd1 Ba6 19. e4 b3 20. Rcc1 c3 21. Bxa6 c2 22. Bb5 cxd1=Q+ 23. Rxd1 Rhc8 24. exd5 exd5 25. Rc1 Bb6 26. Nc3 Ra5 27. a4 Bxd4 28. Nxd5 Bxb2 29. Nb6+ Ke6 30. Re1+ Kf5 31. Nxc8 Kxf4 32. Bxc6 Rc5 33. g3+ Kg5 34. Ne7 Bf6 35. h4+ Kh5 36. Bf3+ Kh6 37. Ng8+ Kg6 38. Be4+ Kh5 39. Nxf6+ gxf6 40. Rb1 Rc3 41. a5 Kg4 42. a6 Kh3 43. Bg2+ Kg4 44. a7 f5 45. a8=Q f6 46. Qb7 h6 47. Qb4+ Kh5 48. Qxc3 1-0

[Event "January 2 Late 2024"]
[Site "https://www.chess.com"]
[Date "2024.01.02"]
[Round "1"]
[White "Bachmann, Axel"]
[Black "Sanchez Alvares, Kelvin Antonio"]
[Result "1-0"]
[Board "63"]
[TimeControl "180+1"]
[WhiteFideId "3700488"]
[BlackFideId "3906680"]
[WhiteElo "2828"]
[BlackElo "2447"]
[WhiteTeam "PAR"]
[BlackTeam "VEN"]
[WhiteClock "0:02:29"]
[BlackClock "0:00:12"]

1. Nf3 d5 2. e3 Nf6 3. c4 c6 4. Nc3 e6 5. b3 Be7 6. Bb2 O-O 7. d4 Nbd7 8. Bd3 b6 9. O-O Bb7 10. Qe2 c5 11. cxd5 Nxd5 12. Nxd5 Bxd5 13. Rfd1 cxd4 14. Nxd4 Nc5 15. Bc4 Qc7 16. Bxd5 exd5 17. Nf5 Ne6 18. Rac1 Qb7 19. Rxd5 Bc5 20. Rcd1 Rfd8 21. Rxd8+ Rxd8 22. Rxd8+ Nxd8 23. Nxg7 Qd5 24. e4 Qg5 25. Nh5 Ne6 26. Nf6+ Kf8 27. Nxh7+ 1-0

[Event "January 2 Late 2024"]
[Site "https://www.chess.com"]
[Date "2024.01.02"]
[Round "1"]
[White "Sliwicki, Damian"]
[Black "Kadric, Denis"]
[Result "0-1"]
[Board "64"]
[TimeControl "180+1"]
[WhiteFideId "1127128"]
[BlackFideId "14403803"]
[WhiteElo "2447"]
[BlackElo "2823"]
[WhiteTeam "POL"]
[BlackTeam "MNE"]
[WhiteClock "0:00:08"]
[BlackClock "0:00:02"]

1. e4 d6 2. d4 Nf6 3. Nc3 Nbd7 4. Bg5 e5 5. Nf3 c6 6. Bc4 Be7 7. Qd2 O-O 8. O-O-O b5 9. Bd3 Bb7 10. Ne2 h6 11. h4 hxg5 12. hxg5 Nh7 13. Kb1 Nxg5 14. Nxg5 Bxg5 15. f4 exf4 16. Nxf4 c5 17. g3 c4 18. Be2 Bxe4 19. Rh5 g6 20. Rh3 Nf6 21. Rdh1 Bxh1 22. Rxh1 Ne4 23. Qe3 d5 24. Qg1 Kg7 25. Bf3 Nd2+ 26. Ka1 Nxf3 27. Qe3 Qf6 28. Qxf3 Bxf4 29. gxf4 Rh8 30. Rg1 Rh4 31. a3 Rxf4 32. Qxd5 Rd8 33. Qg2 Rfxd4 34. Rh1 Rd1+ 35. Ka2 Rxh1 36. Qxh1 Rd2 37. c3 Qxc3 38. Qc1 Qxc1 39. a4 Qxb2# 0-1

[Event "January 2 Late 2024"]
[Site "https://www.chess.com"]
[Date "2024.01.02"]
[Round "1"]
[White "Klukin, Kirill"]
[Black "chucksterf10"]
[Result "1-0"]
[Board "65"]
[TimeControl "180+1"]
[WhiteFideId "24199273"]
[WhiteElo "2821"]
[BlackElo "2446"]
[WhiteTeam "RUS"]
[WhiteClock "0:01:03"]
[BlackClock "0:00:12"]

1. e4 c5 2. d4 cxd4 3. Qxd4 Nc6 4. Qd3 Nf6 5. Nf3 d6 6. Nc3 g6 7. Be2 Bg7 8. O-O O-O 9. Nd5 Nd7 10. c3 Nc5 11. Qc2 Bg4 12. Bg5 Ne6 13. Bh4 Rc8 14. Rad1 Nc7 15. Ne3 Bxf3 16. Bxf3 Ne6 17. Nd5 Nc7 18. Qb3 Nxd5 19. exd5 Na5 20. Qc2 Nc4 21. Rfe1 Rc7 22. Be2 Ne5 23. Bf1 h6 24. h3 g5 25. Bg3 Ng6 26. Bd3 Nf4 27. Bxf4 gxf4 28. Qe2 Qd7 29. Qe4 f5 30. Qe2 Be5 31. Qh5 Kh7 32. Re2 Rcc8 33. Rde1 Rf6 34. Rxe5 dxe5 35. Rxe5 Rcf8 36. Qf3 Kh8 37. Qxf4 Qd6 38. Qd4 Kh7 39. g4 Kh8 40. Bxf5 R8f7 41. Re6 Qd8 42. Qe5 Kg8 43. Rxf6 Rxf6 44. Be6+ Kg7 45. f4 Qd6 46. Qxd6 exd6 47. f5 Rf8 48. Kg2 b5 49. Kg3 Kf6 50. Kf4 a5 51. h4 b4 52. g5+ hxg5+ 53. hxg5+ Ke7 54. f6+ Ke8 55. Kf5 bxc3 56. bxc3 Rh8 57. g6 Rh5+ 58. Kg4 Rh6 59. g7 Rxf6 60. g8=Q+ 1-0

[Event "January 2 Late 2024"]
[Site "https://www.chess.com"]
[Date "2024.01.02"]
[Round "1"]
[White "Flynn, Jacob"]
[Black "Bazeev, German"]
[Result "1-0"]
[Board "66"]
[TimeControl "180+1"]
[WhiteFideId "2509393"]
[BlackFideId "24119350"]
[WhiteElo "2442"]
[BlackElo "2818"]
[WhiteTeam "IRL"]
[BlackTeam "RUS"]
[WhiteClock "0:00:17"]
[BlackClock "0:00:01"]

1. d4 Nf6 2. c4 e6 3. g3 d5 4. Bg2 Bb4+ 5. Nd2 O-O 6. Nf3 dxc4 7. Qc2 Bd7 8. Qxc4 Bxd2+ 9. Bxd2 Bc6 10. O-O Bd5 11. Qc2 Be4 12. Qc1 Nbd7 13. Bg5 h6 14. Bxf6 Nxf6 15. Rd1 c6 16. Qe3 Bxf3 17. Bxf3 Qa5 18. Qb3 Qb6 19. Qc2 Rfd8 20. e3 Rd7 21. Rac1 Rad8 22. Kg2 g6 23. h4 h5 24. a3 a5 25. Qc5 Qxc5 26. Rxc5 Ra8 27. Rdc1 Rd6 28. b4 axb4 29. axb4 Nd5 30. b5 Ra2 31. Bxd5 cxd5 32. R1c2 Rxc2 33. Rxc2 Kg7 34. Kf3 Kf6 35. Kf4 Rb6 36. Rc5 Rd6 37. Rc7 Rb6 38. Rc5 Rd6 39. f3 Rd7 40. Rc8 Rd6 41. Rc7 Rb6 42. Rc5 Rd6 43. g4 hxg4 44. fxg4 g5+ 45. hxg5+ Kg6 46. Rc7 Rb6 47. Rc5 Rd6 48. Ke5 Rd7 49. Rc8 b6 50. Rg8+ Kh7 51. Rb8 Kg6 52. Rxb6 Rd8 53. Rb7 Rc8 54. b6 Rc3 55. Rc7 Rxe3+ 56. Kd6 Rb3 57. b7 Kxg5 58. Rxf7 Kxg4 59. Kxe6 1-0

[Event "January 2 Late 2024"]
[Site "https://www.chess.com"]
[Date "2024.01.02"]
[Round "1"]
[White "Panchenko, Dmitry"]
[Black "Gruzman, Ilya"]
[Result "1-0"]
[Board "67"]
[TimeControl "180+1"]
[WhiteFideId "4169158"]
[BlackFideId "2812703"]
[WhiteElo "2817"]
[BlackElo "2441"]
[WhiteTeam "RUS"]
[BlackTeam "ISR"]
[WhiteClock "0:02:19"]
[BlackClock "0:01:20"]

1. e4 c5 2. Nf3 e6 3. d4 cxd4 4. Nxd4 Nf6 5. Nc3 Nc6 6. Nxc6 bxc6 7. e5 Nd5 8. Ne4 Qc7 9. f4 Qb6 10. Qf3 Be7 11. a3 O-O 12. c4 Nc7 13. b4 c5 14. Be3 f5 15. Nxc5 Qc6 16. Be2 d6 17. Qxc6 1-0